 Dungeon Crawl Stone Soup version 0.25.0-45-g978344163c (webtiles) character file.

Game seed: 10234450031015033324

141 Aviak the Chiller (level 5, 0/39 HPs)
             Began as a Demonspawn Ice Elementalist on July 12, 2020.
             Succumbed to an adder's poison
             ... on level 3 of the Dungeon.
             The game lasted 00:04:17 (2486 turns).

Aviak the Chiller (Demonspawn Ice Elementalist)     Turns: 2486, Time: 00:04:18

Health: 0/39       AC:  5    Str:  7 (8)  XL:     5   Next: 3%
Magic:  1/9        EV: 11    Int: 15 (18) God:
Gold:   81         SH:  0    Dex: 12 (13) Spells: 6/10 levels left

rFire    . . .     SeeInvis .   l - +0 dagger
rCold    . . .     Gourm    .   (no shield)
rNeg     . . .     Faith    .   b - +0 leather armour
rPois    .         Spirit   +   r - +0 helmet
rElec    .         Reflect  .   (no cloak)
rCorr    .         Harm     .   (no gloves)
MR       .....                  d - +0 pair of boots
Stlth    ++........             (no amulet)
HPRegen  0.13/turn              (no ring)
MPRegen  0.11/turn              p - ring of wizardry

@: lethally poisoned (0 -> -11), stab, flying, hasted, very quick
A: powered by death 1, magic shield
a: no special abilities


You were on level 3 of the Dungeon.
You were not hungry.

You visited 1 branch of the dungeon, and saw 3 of its levels.

You collected 81 gold pieces.

Inventory:

Hand Weapons
 l - a +0 dagger (weapon)
Armour
 a - a +0 robe
 b - a +0 leather armour (worn)
 d - a +0 pair of boots (worn)
 r - a +0 helmet (worn)
Jewellery
 p - a ring of wizardry (right hand)
 q - an uncursed ring of fire
Scrolls
 g - 3 scrolls of remove curse {unknown}
 h - 2 scrolls of identify {unknown}
 i - a scroll of enchant weapon {unknown}
 j - a scroll of immolation {unknown}
 n - a scroll of fog {unknown}
 o - a scroll of teleportation {unknown}
 s - a scroll of enchant armour {unknown}
 t - a scroll of noise {unknown}
 v - a scroll of blinking {unknown}
Potions
 f - a potion of stabbing
 k - 2 potions of degeneration {!q!q}
Comestibles
 c - 4 rations
 u - 2 chunks of flesh


   Skills:
 + Level 2.5 Fighting
 - Level 1.7 Dodging
 - Level 1.7 Stealth
 + Level 3.2 Spellcasting
 + Level 4.4 Ice Magic


You had 6 spell levels left.
You knew the following spells:

 Your Spells              Type           Power        Failure   Level  Hunger
a - Freeze                Ice            ###.         1%          1    #......
b - Frozen Ramparts       Ice            ###...       6%          3    ###....

Your spell library contained the following spells:

 Spells                   Type           Power        Failure   Level  Hunger
 Ozocubu's Armour         Chrm/Ice       #.......     14%         3    ###....
 Hailstorm                Conj/Ice       #.......     41%         4    #####..
 Summon Ice Beast         Ice/Summ       #.......     41%         4    #####..


Dungeon Overview and Level Annotations

Branches:
Dungeon (3/15)

Altars:


Innate Abilities, Weirdness & Mutations

You regenerate a little health from kills.
When hurt, damage is shared between your health and your magic reserves.


Message History

Your base attributes are Str 8, Int 18, Dex 13.
You barely miss the adder.
The adder is severely wounded.
* * * LOW HITPOINT WARNING * * *
You feel sick. The orc wizard closely misses you.
The adder bites you but does no damage.
Unknown command.
You barely miss the adder.
The adder is severely wounded.
* * * LOW HITPOINT WARNING * * *
You feel sick.
The orc wizard hits you but does no damage.
You completely miss the adder.
The adder is severely wounded.
The adder closely misses you. The orc wizard completely misses you.
Unknown command.
You hit the adder.
You kill the adder!
You have reached level 5!
You die...

#..# # ####.##.#
#.......#
#.##<#### #. #)#
# #. #.#
######.### .. #.#
#......... ## #.#
#.o....... #.#
#@####.###
#$###)# #†.).)#
.....)†.†.......#
#####..........##
#......###.#
##...#.# ..
#####.# ## #..


You could see an orc wizard (fast).

Vanquished Creatures
  Robin (D:2)
  4 adders
  2 worms (D:2)
  A dart slug (D:2)
  2 leopard geckos
  4 orcs (D:3)
  A ball python (D:2)
  5 bats
  3 giant cockroaches
  12 goblins
  9 hobgoblins
  10 jackals
  2 quokkas (D:2)
  4 frilled lizards
  7 kobolds
  9 rats
76 creatures vanquished.

Notes
Turn   | Place    | Note
-------+----------+-------------------------------------------
     0 | D:1      | Aviak the Demonspawn Ice Elementalist began the quest for
                  | the Orb.
     0 | D:1      | Reached XP level 1. HP: 13/13 MP: 3/3
   445 | D:1      | Gained mutation: You regenerate a little health from kills.
                  | [demonic ancestry]
   445 | D:1      | Reached XP level 2. HP: 19/20 MP: 1/5
   609 | D:1      | Reached skill level 1 in Fighting
  1169 | D:2      | Reached XP level 3. HP: 26/26 MP: 3/6
  1468 | D:2      | Learned a level 3 spell: Frozen Ramparts
  1476 | D:2      | Reached skill level 4 in Ice Magic
  1531 | D:2      | Noticed Robin
  1755 | D:2      | Killed Robin
  1755 | D:2      | Gained mutation: When hurt, damage is shared between your
                  | health and your magic reserves. [demonic ancestry]
  1755 | D:2      | Reached XP level 4. HP: 31/33 MP: 2/8
  2484 | D:3      | HP: 1/34 [poisoned by an adder]
  2486 | D:3      | Reached XP level 5. HP: 1/39 MP: 1/9
  2486 | D:3      | Succumbed to an adder's poison

Illustrated notes

Levels and vault maps discovered:
D:1:      dpeg_arrival_more_subterranean_lakeside_camping, layout_basic
D:2:      layout_basic, uniq_robin
D:3:      layout_loops_ring

Skill      XL: |  1  2  3  4 |
---------------+-------------+-----
Fighting       | 1 2 |  2.5
Ice Magic      | 4 |  4.4
Spellcasting   | 3 |  3.2
Dodging        | |  1.7
Stealth        | |  1.7

Action                   |  1- 3 |  4- 6 || total
-------------------------+-------+-------++-------
Melee: Unarmed           |     9 |       ||     9
       Dagger            |    71 |    79 ||   150
 Cast: Freeze            |    42 |       ||    42
       Frozen Ramparts   |     4 |     8 ||    12
  Use: Potion            |       |     4 ||     4
 Stab: Sleeping          |     1 |     2 ||     3
  Eat: Chunk             |     4 |     3 ||     7
Armor: Leather armour    |    37 |    32 ||    69
Dodge: Dodged            |    69 |    65 ||   134
